 Dungeon Crawl Stone Soup version 0.30-a0-857-gcaf70739d4 (webtiles) character file.

Game seed: 15080166356697825680

603630 Twinkles the Conqueror (level 27, -1/199 HPs)
             Began as a Kobold Brigand on Mar 2, 2023.
             Was an Elder of Wu Jian.
             Killed from afar by a Killer Klown (29 damage)
             ... with a klown pie
             ... on level 4 of the Realm of Zot on Mar 5, 2023.
             The game lasted 11:16:06 (105496 turns).

Twinkles the Conqueror (Kobold Brigand)           Turns: 105496, Time: 11:16:07

Health: -1/199     AC: 18    Str:  8 (10) XL:     27
Magic:  40/42      EV: 38    Int: 16 (17) God:    Wu Jian [****..]
Gold:   1870       SH:  0    Dex: 23 (24) Spells: 20/56 levels left

rFire   + . .      SeeInvis .    a - melded +9 rapier (elec)
rCold   + + .      Faith    .    v - melded +3 buckler {AC+3}
rNeg    + + +      Spirit   .    f - melded +7 ring mail "Kuq Wyad" {rN++ Str-3 SInv Stlth+}
rPois   ∞          Reflect  .    c - melded +0 mask of the Dragon {Will+ Slay+3 SInv}
rElec   +          Rampage  .    w - melded +0 cloak of Tenacity {rF++ Int+4}
rCorr   +                        Z - melded +0 pair of fencer's gloves {Riposte Dex+3}
Will    ++...                    k - melded +1 pair of boots of the Freezing Gods {rPois rCorr Str+6 Stlth-} Stlth *+++++++++
                                 b - melded amulet of faith
HPRegen 0.53/turn                q - melded ring of Tegatz {rElec Str+6 Dex+2}
MPRegen 0.28/turn                o - melded ring "Fekilot" {Will++ Str-2 Dex-2 Slay+4 SInv Stlth+}

@: wisp-form, fire vulnerable, vertiginous, flying, studying Fire Magic
A: insubstantial, flying, no casting, tiny, no large weapons, nightstalker 3,
(talons 1), MP-powered wands
}: 4/15 runes: decaying, serpentine, slimy, silver
a: Renounce Religion, Wall Jump, Serpent's Lash


You were on level 4 of the Realm of Zot.
You worshipped Wu Jian.
Wu Jian was greatly pleased with you.
You were an insubstantial wisp.
You visited 12 branches of the dungeon, and saw 56 of its levels.
You visited the Abyss 2 times.
You visited 1 bazaar.
You also visited: Gauntlet.

You collected 7168 gold pieces.
You spent 5298 gold pieces at shops.

Inventory:

Hand Weapons
 a - a +9 rapier of electrocution (melded)
Missiles
 e - 15 curare-tipped darts (quivered)
 i - 16 atropa-tipped darts
 t - 8 throwing nets
Armour
 c - the +0 mask of the Dragon (melded) {Will+ Slay+3 SInv}
   (You bought it in a shop on level 1 of the Snake Pit)

   Slay:      It affects your accuracy & damage with ranged weapons and melee
   (+3).
   SInv:      It lets you see invisible.
   Will:      It increases your willpower.
 f - the +7 ring mail "Kuq Wyad" (melded) {rN++ Str-3 SInv Stlth+}
   (You found it on level 4 of the Dungeon)

   Str:       It affects your strength (-3).
   rN:        It greatly protects you from negative energy.
   SInv:      It lets you see invisible.
   Stlth:     It makes you more stealthy.
 g - the +4 cloak of Getelali {Regen+ Str+5}
   (You found it on level 2 of the Vaults)

   Str:       It affects your strength (+5).
   Regen:     It increases your rate of health regeneration.
 k - the +1 pair of boots of the Freezing Gods (melded) {rPois rCorr Str+6 Stlth-}
   (You found it on level 15 of the Dungeon)

   Str:       It affects your strength (+6).
   rPois:     It protects you from poison.
   rCorr:     It protects you from acid and corrosion.
   Stlth:     It makes you less stealthy.
 v - a +3 buckler of protection (melded)
 w - the +0 cloak of Tenacity (melded) {rF++ Int+4}
   (You found it on level 3 of the Elven Halls)

   Int:       It affects your intelligence (+4).
   rF:        It greatly protects you from fire.
 Z - the +0 pair of fencer's gloves (melded) {Riposte Dex+3}
   (You found it on level 3 of the Elven Halls)

   Riposte:   It allows the wearer to riposte with melee weapons, swiftly
   retaliating against missed or blocked melee attacks.
   Dex:       It affects your dexterity (+3).
Magical Staves
 A - a staff of earth
Jewellery
 b - an amulet of faith (melded)
 o - the ring "Fekilot" (melded) {Will++ Str-2 Dex-2 Slay+4 SInv Stlth+}
   (You found it on level 3 of the Elven Halls)

   [ring of slaying]

   Str:       It affects your strength (-2).
   Dex:       It affects your dexterity (-2).
   Slay:      It affects your accuracy & damage with ranged weapons and melee
   (+4).
   SInv:      It lets you see invisible.
   Will:      It greatly increases your willpower.
   Stlth:     It makes you more stealthy.
 q - the ring of Tegatz (melded) {rElec Str+6 Dex+2}
   (You took it off a deep elf pyromancer on level 3 of the Elven Halls)

   [ring of strength]

   Str:       It affects your strength (+6).
   Dex:       It affects your dexterity (+2).
   rElec:     It insulates you from electricity.
 u - the ring "Kulau" {Will+ Dex+6}
   (You found it on level 5 of the Pits of Slime)

   [ring of dexterity]

   Dex:       It affects your dexterity (+6).
   Will:      It increases your willpower.
 x - a ring of protection from fire
 L - a +6 ring of intelligence
 W - the ring of the Tempest {rC++ rN+++ Will+ Int+3 Stlth-}
   (You found it on level 5 of the Pits of Slime)

   [ring of willpower]

   Int:       It affects your intelligence (+3).
   rC:        It greatly protects you from cold.
   rN:        It renders you almost immune to negative energy.
   Will:      It increases your willpower.
   Stlth:     It makes you less stealthy.
Wands
 d - a wand of digging (8)
 h - a wand of acid (24)
 j - a wand of polymorph (18)
 p - a wand of paralysis (38)
 r - a wand of roots (49)
 y - a wand of mindburst (18)
Scrolls
 n - 8 scrolls of poison
 D - 7 scrolls of blinking
 E - 8 scrolls of fear
 F - 13 scrolls of fog
 K - 14 scrolls of immolation
 O - 3 scrolls of silence
 V - 8 scrolls of vulnerability
 Y - 25 scrolls of teleportation
Potions
 B - 12 potions of brilliance
 C - 7 potions of cancellation
 G - 2 potions of ambrosia
 H - 6 potions of haste
 I - 6 potions of invisibility
 J - 24 potions of curing
 M - 9 potions of might
 N - 9 potions of heal wounds
 P - 11 potions of lignification
 Q - 8 potions of magic
 R - 8 potions of resistance
 T - 7 potions of berserk rage
 U - 9 potions of mutation
Miscellaneous
 l - a condenser vane (inert)
 m - a phantom mirror (inert)
 s - a tin of tremorstones (2/2)
 z - a box of beasts


   Skills:
 O Level 27 Fighting
 - Level 14.0 Short Blades
 - Level 7.6 Throwing
 - Level 8.0 Armour
 - Level 20.0 Dodging
 + Level 26.2 Stealth
 - Level 5.0 Shields
 - Level 15.0 Spellcasting
 - Level 13.4 Conjurations
 - Level 7.0 Necromancy
 - Level 4.0 Translocations
 - Level 10.7 Transmutations
 - Level 19.1 Earth Magic
 - Level 15.0 Evocations


You had 20 spell levels left.
You knew the following spells:

 Your Spells              Type           Power      Damage    Failure   Level
a - Passwall              Tmut/Erth      46%        N/A       1%          2
b - Petrify               Tmut/Erth      56%        N/A       1%          4
c - Borgnjor's Vile Clut  Necr/Erth      26%        N/A       2%          5
d - Iron Shot             Conj/Erth      29%        9d6       3%          6
e - Irradiate             Conj/Tmut      25%        3d20      3%          5
f - Statue Form           Tmut/Erth      37%        N/A       5%          6
g - Apportation           Tloc           48%        N/A       3%          1
h - Blink                 Tloc           48%        N/A       4%          2
i - Lee's Rapid Deconstr  Erth           32%        3d17*     1%          5

Your spell library contained the following spells:

 Spells                   Type           Power      Damage    Failure   Level
 Beastly Appendage        Tmut           92%        N/A       1%          1
 Magic Dart               Conj           100%       1d8       1%          1
 Necrotise                Necr           100%       1d9       1%          1
 Sandblast                Erth           100%       2d20      1%          1
 Searing Ray              Conj           100%       2d8       1%          2
 Wereblood                Tmut           46%        N/A       1%          2
 Stone Arrow              Conj/Erth      100%       3d13      1%          3
 Sting                    Tmut/Pois      100%       1d8       2%          1
 Static Discharge         Conj/Air       66%        2-5/arc   2%          2
 Sublimation of Blood     Necr           34%        N/A       2%          2
 Iskenderun's Battlesphe  Conj           53%        2d10      2%          5
 Hailstorm                Conj/Ice       33%        3d8       3%          3
 Animate Armour           Summ/Erth      84%        N/A       3%          4
 Leda's Liquefaction      Hex/Erth       21%        N/A       3%          4
 Iskenderun's Mystic Bla  Conj/Tloc      39%        2d9       4%          4
 Spider Form              Tmut/Pois      29%        N/A       5%          3
 Blade Hands              Tmut           23%        N/A       5%          5
 Gell's Gravitas          Tloc           24%        N/A       8%          3
 Teleport Other           Tloc           24%        N/A       8%          3
 Animate Dead             Necr           34%        N/A       8%          4
 Fulminant Prism          Conj/Hex       16%        3d10      9%          4
 Freeze                   Ice            48%        1d6       12%         1
 Summon Small Mammal      Summ           48%        N/A       12%         1
 Ice Form                 Ice/Tmut       29%        N/A       13%         4
 Portal Projectile        Hex/Tloc       36%        N/A       14%         3
 Vhi's Electric Charge    Tloc/Air       36%        N/A       14%         3
 Ensorcelled Hibernation  Hex/Ice        24%        N/A       17%         2
 Poisonous Vapours        Pois/Air       24%        N/A       17%         2
 Kindle Blastsparks       Fire/Tloc/Air  32%        2d12      19%         3
 Arcjolt                  Conj/Air       16%        1d26      19%         5
 Fireball                 Conj/Fire      16%        3d8       19%         5
 Lightning Bolt           Conj/Air       16%        1d30      19%         5
 Passage of Golubria      Tloc           24%        N/A       21%         4
 Call Canine Familiar     Summ           12%        N/A       28%         3
 Frozen Ramparts          Ice            24%        1d4       28%         3
 Ozocubu's Armour         Ice            12%        N/A       28%         3
 Summon Guardian Golem    Hex/Summ       12%        N/A       28%         3
 Swiftness                Air            12%        N/A       28%         3
 Alistair's Intoxication  Tmut/Pois      19%        N/A       30%         5
 Yara's Violent Unravell  Hex/Tmut       14%        3d7       30%         5
 Lehudib's Crystal Spear  Conj/Erth      29%        10d8      56%         8
 Olgreb's Toxic Radiance  Pois           12%        N/A       63%         4
 Summon Ice Beast         Ice/Summ       12%        N/A       63%         4
 Summon Lightning Spire   Summ/Air       12%        N/A       63%         4
 Dragon Form              Tmut           23%        N/A       65%         7
 Summon Forest            Summ/Tloc      9%         N/A       69%         5
 Eringya's Noxious Bog    Tmut/Pois      14%        N/A       80%         6
 Metabolic Englaciation   Hex/Ice        6%         N/A       91%         5
 Silence                  Hex/Air        6%         N/A       91%         5
 Summon Mana Viper        Hex/Summ       12%        N/A       91%         5
 Dispersal                Tloc           12%        N/A       92%         6
 Simulacrum               Ice/Necr       11%        N/A       95%         6
 Spellforged Servitor     Conj/Summ      16%        N/A       99%         7
 Enfeeble                 Hex            6%         N/A       100%        7
 Haunt                    Necr/Summ      11%        N/A       100%        7
 Malign Gateway           Summ/Tloc      9%         N/A       100%        7
 Monstrous Menagerie      Summ           6%         N/A       100%        7
 Ozocubu's Refrigeration  Ice            6%         4d8       100%        7
 Storm Form               Tmut/Air       14%        N/A       100%        7
 Summon Hydra             Summ           6%         N/A       100%        7
 Infestation              Necr           17%        N/A       100%        8
 Maxwell's Capacitive Co  Air            6%         ∞         100%        8
 Summon Horrible Things   Summ           6%         N/A       100%        8
 Chain Lightning          Conj/Air       16%        3d22      100%        9


Dungeon Overview and Level Annotations

Branches:
Dungeon (15/15) Zot: 21884  Temple (1/1) D:7 Zot: 5569    Lair (5/5) D:10 Zot: 19571
  Swamp (4/4) Lair:3 Zot: 17970   Snake (4/4) Lair:2 Zot: 15460   Slime (5/5) Lair:4 Zot: 25176
    Orc (2/2) D:12 Zot: 7522     Elf (3/3) Orc:2 Zot: 8823  Vaults (5/5) D:14 Zot: 13221
  Crypt (3/3) Vaults:2 Zot: 13653    Tomb (0/3) Crypt:3      Depths (4/4) D:15 Zot: 17320
    Zot (5/5) Depths:4 Zot: 20724 Gauntlet (visited)

Altars:
Ashenzari
Cheibriados
Dithmenos
Elyvilon
Fedhas
Gozag
Hepliaklqana
Kikubaaqudgha
Makhleb
Nemelex Xobeh
Okawaru
Qazlal
Ru
Sif Muna
Trog
Uskayaw
Vehumet
Wu Jian
Xom
Yredelemnul
Zin
The Shining One
Jiyva

Shops:
D:9 [   D:12 [   Orc:2 [((!   Elf:1 [   Snake:1 [*(::=   Snake:2 :   Vaults:5 :
Depths:1 *?[

Portals:
Hell: Depths:1 Depths:2 Depths:3 Depths:4
Abyss: Depths:2 Depths:3
Pandemonium: Depths:2
Ziggurat: Depths:1

Annotations:
D:8 Erica, Joseph
Swamp:3 2 transporters, Roxanne
Snake:4 Vashnia
Vaults:1 36 runed doors, Luiw's ghost, veteran HOBe
Vaults:2 3 exclusions
Depths:1 exclusion: angel
Depths:3 3 runed translucent doors, 2 exclusions, Gucom's ghost, veteran GnFi
Zot:3 exclusions: 3 angels and cyclops
Zot:5 1 exclusion


Innate Abilities, Weirdness & Mutations

You are an insubstantial wisp.
Your tiny insubstantial body is highly resistant to most damage types.
You are flying.
Your equipment is entirely melded.
You are incapable of wielding weapons or throwing items.
You cannot cast spells.
You are small and have problems with some larger weapons.
You are completely attuned to the shadows.
((You have sharp toenails.))
You expend magic power (3 MP) to strengthen your wands.


Message History

Unknown command.
Aiming: Phantom Mirror
Press: ? - help, Dir - move target, f - Killer Klown
Aim: a Killer Klown, wielding a +11 club (severely wounded)
You reflect the Killer Klown with the mirror!
The mirror clouds!
Your hearing returns.
You can drink potions again.
You block the Killer Klown's attack.
Your Killer Klown blinks!
Casting: Borgnjor's Vile Clutch (mildly dangerous; 1% risk of failure)
Confirm with . or Enter, or press ? or * to list all spells.
Aiming: Passwall (safe; 1% risk of failure)
Press: ? - help, Dir - move target, p - Killer Klown You can't see that place.
The Killer Klown blinks!
You begin to meditate on the wall.
You continue meditating on the rock.
The Killer Klown pies you viciously! The klown pie hits you!
Moon pie!
You turn into an insubstantial wisp.
Your +9 rapier of electrocution melds into your body.
The +0 cloak of Tenacity {rF++ Int+4} melds into your body.
The +0 mask of the Dragon {Will+ Slay+3 SInv} melds into your body.
The +0 pair of fencer's gloves {Riposte Dex+3} melds into your body.
The +1 pair of boots of the Freezing Gods {rPois rCorr Str+6 Stlth-} melds into your body.
Your +3 buckler of protection melds into your body.
The +7 ring mail "Kuq Wyad" {rN++ Str-3 SInv Stlth+} melds into your body.
The ring of Tegatz {rElec Str+6 Dex+2} melds into your body.
The ring "Fekilot" {Will++ Str-2 Dex-2 Slay+4 SInv Stlth+} melds into your body.
Your amulet of faith melds into your body.
Your +9 rapier of electrocution stops crackling.
You feel less protected.
You feel weaker.
* * * LOW HITPOINT WARNING * * *
You continue meditating on the rock.
Your Killer Klown blinks!
You continue meditating on the rock. x2
The Killer Klown grows four more heads, takes them off and juggles!
The Killer Klown pies you viciously! The klown pie hits you!!
Plum!
You feel light-headed.
You die...

#..##....# #.....
#..##...## #.....
#..###.### #.....
#..###...## #...##
#..#......# ####...##
#..#..p...# #........
#..#.§§§..# ###........
#..###§#### #..........
####..# #v# ####....#.....
#...).###p###.......#..(..
#.........................
#.........................
##.....##.##########......
###...##.######..........
#########.................
#.....)...................
#.........................


You could see a Killer Klown (ally target) and a friendly Killer Klown
(summoned, drained).

Vanquished Creatures
  the Royal Jelly (Slime:5)
  2 dread liches
  3 orbs of fire
  2 ancient liches
  Mennas (Crypt:3)
  A juggernaut (Depths:2)
  Bai Suzhen (Vaults:5)
  Parghit (Zot:2)
  5 Killer Klowns
  Margery (Vaults:4)
  8 golden dragons
  2 curse toes
  Nikola (Swamp:2)
  A bone dragon (Abyss:3)
  An electric golem (Zot:1)
  A shard shrike zombie (Crypt:1)
  14 tentacled monstrosities
  Mlioglotl (Swamp:4)
  7 Orb Guardians (Zot:5)
  11 liches
  6 titans (Vaults:5)
  10 quicksilver dragons
  4 deep elf blademasters (Elf:3)
  4 ancient champions
  4 deep elf master archers (Elf:3)
  3 tentacled starspawn
  7 death cobs
  4 sphinxes
  Agnes (D:14)
  The ghost of Guhiopysh the Brawler, an adept TrMo of Nemelex Xobeh (Depths:1)
  7 tengu reavers
  18 acid blobs
  6 shadow dragons
  Donald (Swamp:2)
  14 storm dragons
  5 thorn hunters
  8 azure jellies
  4 rockslimes
  A draconian monk (Zot:4)
  5 nagarajas
  9 frost giants
  21 vault wardens
  4 draconian knights
  9 fire giants
  2 draconian shifters
  5 fenstrider witches
  4 draconian scorchers
  An angel (Abyss:3)
  3 orc warlords
  4 iron dragons
  5 deep elf sorcerers
  3 curse skulls
  3 ghost moths
  4 draconian annihilators
  Aizul (Snake:4)
  2 reapers
  4 deep elf elementalists
  A spriggan defender (Depths:4)
  3 ghouls
  A war gargoyle (Vaults:5)
  31 ironbound preservers
  6 ironbound thunderhulks
  8 quicksilver oozes
  2 draconian stormcallers
  10 very ugly things
  10 stone giants
  5 eleionomae
  6 vampire knights
  9 black draconians
  9 green draconians
  A dire elephant (Vaults:1)
  Azrael (Orc:1)
  7 yellow draconians
  4 deep elf demonologists
  6 bunyips
  A lorocyproca (Depths:2)
  The ghost of arthad the Summoner, a journeyman FeSu of Gozag (Swamp:1)
  3 spark wasps (Depths:2)
  8 white draconians
  7 deep elf annihilators
  2 starcursed masses
  7 purple draconians
  An acid blob zombie (Crypt:3)
  5 red draconians
  5 eidola
  4 fire dragons
  A green death (Swamp:4)
  A blizzard demon (Abyss:3)
  12 ettins
  2 entropy weavers (Vaults:3)
  An entropy weaver (shapeshifter) (Depths:2)
  11 great orbs of eyes
  4 deep elf high priests
  7 deep elf death magi
  5 jiangshi
  14 yaktaur captains
  4 shambling mangroves
  4 ice dragons
  2 rakshasas (Depths:3)
  33 vault guards
  Josephine (Orc:2)
  20 hydras
  A hydra (shapeshifter) (Depths:2)
  3 salamander tyrants
  3 ghost crabs
  7 ironbound frosthearts
  2 ogre magi
  3 spriggan air magi
  A catoblepas (Lair:5)
  A peacekeeper (Vaults:4)
  24 dancing weapons
  10 anacondas
  4 alligators
  9 centaur warriors
  A death knight (Crypt:2)
  7 boulder beetles
  10 two-headed ogres
  4 tengu warriors
  16 naga warriors
  6 deep troll shamans
  6 orc high priests
  9 deep troll earth magi
  2 skysharks
  19 death yaks (Lair:5)
  4 thrashing horrors (Abyss:3)
  5 vampire magi
  15 hell knights
  3 soul eaters
  17 deep elf knights
  3 spriggan berserkers
  17 naga sharpshooters
  8 shock serpents
  22 skeletal warriors
  A wretched star (Abyss:3)
  A sun demon (Abyss:3)
  Amaemon (D:10)
  A spatial maelstrom (Abyss:3)
  2 sixfirhies
  2 salamander mystics (Snake:4)
  3 shadow wraiths
  A fire crab (Lair:4)
  7 goliath frogs
  2 glowing orange brains
  6 flayed ghosts
  9 iron trolls
  75 deep trolls
  6 swamp dragons
  8 spriggan druids
  A death drake (Swamp:4)
  13 lindwurms
  7 deep elf archers
  7 naga ritualists
  An anaconda zombie (Crypt:3)
  12 ironbound convokers
  4 bog bodies
  20 wizards
  5 harpies (Vaults:1)
  30 deep elf zephyrmancers
  2 wolf spider zombies (D:14)
  21 deep elf pyromancers
  8 mana vipers
  8 necromancers
  A sphinx zombie (Crypt:1)
  19 orc knights
  7 orc sorcerers
  5 shining eyes
  9 phantasmal warriors
  2 will-o-the-wisps (Swamp:2)
  55 ugly things
  A manticore (shapeshifter) (Vaults:5)
  18 moths of wrath
  5 manticores
  11 salamanders
  6 cyclopes
  12 elephants
  3 centaur zombies (D:14)
  13 naga magi
  10 guardian serpents
  A demonic crawler (Abyss:3)
  A black mamba (shapeshifter) (Vaults:5)
  13 cane toads
  An eye of devastation (Slime:5)
  A torpor snail (Lair:2)
  34 black mambas
  21 vault sentinels
  An unseen horror (D:11)
  2 kobold demonologists
  A minotaur zombie (Crypt:3)
  4 orange demons
  A red draconian zombie (Crypt:3)
  Psyche (D:8)
  8 komodo dragons
  A centaur skeleton (D:15)
  3 rime drakes
  An efreet (Abyss:3)
  23 yaktaurs
  An alligator snapping turtle skeleton (Crypt:2)
  A black draconian skeleton (Crypt:1)
  6 freezing wraiths
  A mana viper zombie (Crypt:3)
  An ice devil (Abyss:3)
  2 red devils (Depths:2)
  3 ancient zymes (Abyss:3)
  A tengu conjurer (D:13)
  A sea snake skeleton (Crypt:3)
  7 trolls
  6 meliai
  A polar bear (shapeshifter) (D:14)
  2 bloated husks
  A meliai (shapeshifter) (Vaults:5)
  2 hellwings (Abyss:3)
  13 tyrant leeches
  A wolf spider simulacrum (D:15)
  A tarantella (Vaults:3)
  13 hornets
  7 raiju
  6 polar bears
  4 dream sheep (Lair:2)
  22 blink frogs
  A guardian serpent skeleton (Crypt:2)
  73 slime creatures
  4 flying skulls (Crypt:3)
  3 jumping spiders (Vaults:3)
  2 shadows (D:14)
  10 wraiths
  11 wyverns
  2 vampires
  A ynoxinul (Abyss:3)
  9 spriggans
  4 water elementals (Depths:4)
  9 fire elementals
  6 vampire mosquitoes
  Grum (D:10)
  33 yaks
  5 basilisks
  2 chaos spawn
  2 neqoxecs (Swamp:4)
  2 redbacks (Vaults:3)
  7 steam dragons
  6 wargs
  A golden eye (Slime:5)
  46 nagas
  16 swamp worms
  A large abomination (Abyss:3)
  A two-headed ogre zombie (Crypt:2)
  A glowing shapeshifter skeleton (Crypt:2)
  2 swamp drakes
  14 water moccasins
  6 hell hounds
  7 small abominations (Abyss:3)
  5 black bears
  50 orc warriors
  A sky beast (shapeshifter) (Vaults:2)
  6 ice beasts
  2 sky beasts
  A swamp dragon zombie (Crypt:2)
  22 centaurs
  7 ogres
  18 wolves
  A phantom (D:7)
  A torpor snail zombie (Crypt:1)
  7 kobold brigands
  17 bullfrogs
  2 gnoll sergeants
  4 necrophages
  A rime drake skeleton (Crypt:2)
  A salamander zombie (Crypt:2)
  2 earth elementals
  An elf skeleton (Crypt:3)
  9 wights
  3 scorpions
  A hornet simulacrum (D:15)
  A polar bear zombie (Crypt:3)
  A shapeshifter zombie (Crypt:3)
  A troll zombie (Crypt:1)
  A raiju zombie (Crypt:2)
  11 killer bees
  9 howler monkeys
  4 electric eels
  3 hounds
  30 orc priests
  4 jellies
  A gnoll bouda (Orc:2)
  5 iguanas
  23 orc wizards
  A boggart skeleton (D:15)
  A sky beast zombie (Crypt:1)
  An ice beast zombie (Crypt:2)
  A boggart simulacrum (D:15)
  Robin (D:4)
  24 gnolls
  10 adders
  6 white imps
  2 worms
  5 dart slugs
  86 orcs
  4 endoplasms
  4 giant cockroaches
  12 goblins
  8 hobgoblins
  7 jackals (D:1)
  5 quokkas
  11 ball pythons
  2 bats
  A dart slug zombie (Crypt:1)
  3 frilled lizards
  A frilled lizard skeleton (Crypt:1)
  18 kobolds
  2 quokka zombies
  10 rats
  A river rat zombie (Crypt:3)
  8 briar patches (Swamp:4)
  A butterfly (Lair:5)
2232 creatures vanquished.

Vanquished Creatures (collateral kills)
  An ancient lich (Vaults:5)
  2 yaktaurs (Vaults:5)
3 creatures vanquished.

Vanquished Creatures (others)
  A fire giant (Depths:3)
  An orc sorcerer (Vaults:5)
  A bloated husk (Swamp:3)
  A naga (Snake:3)
  An orc warrior (Orc:1)
  A crimson imp (Abyss:3)
  An orc (Orc:2)
  A quokka (Depths:4)
  14 foxfires (Swamp:2)
  24 fungi
  40 plants
  4 starspawn tentacles (Abyss:3)
  5 withered plants (D:14)
95 creatures vanquished.

Grand Total: 2330 creatures vanquished

Notes
Turn   | Place    | Note
-------+----------+-------------------------------------------
     0 | D:1      | Twinkles the Kobold Brigand began the quest for the Orb.
     0 | D:1      | Reached XP level 1. HP: 12/12 MP: 1/1
    70 | D:1      | You fall into a shaft and drop 1 floor!
   126 | D:2      | Reached XP level 2. HP: 18/18 MP: 2/2
   394 | D:1      | Reached XP level 3. HP: 22/22 MP: 3/3
   854 | D:1      | Reached XP level 4. HP: 27/27 MP: 4/4
  1428 | D:2      | Found a faded altar of an unknown god.
  1879 | D:3      | Reached skill level 3 in Fighting
  1974 | D:3      | Reached XP level 5. HP: 29/32 MP: 5/5
  2551 | D:3      | Reached XP level 6. HP: 37/37 MP: 6/6
  2719 | D:3      | HP: 10/37 [gnoll/+0 flail (7)]
  2720 | D:3      | HP: 2/37 [gnoll/+0 flail (8)]
  3305 | D:5      | Entered Level 5 of the Dungeon
  3428 | D:5      | Reached XP level 7. HP: 23/42 MP: 7/7
  3430 | D:5      | HP: 11/42 [quokka (4)]
  3574 | D:5      | Reached skill level 4 in Fighting
  3670 | D:5      | Found a snail-covered altar of Cheibriados.
  3700 | D:5      | Found a burning altar of Makhleb.
  3746 | D:4      | Reached skill level 5 in Short Blades
  3852 | D:4      | Noticed Robin
  3894 | D:4      | Killed Robin
  4585 | D:4      | Identified the +7 ring mail "Kuq Wyad" {rN++ Str-3 SInv
                  | Stlth+}
  4811 | D:5      | Reached XP level 8. HP: 45/48 MP: 8/8
  5231 | D:6      | Reached skill level 5 in Fighting
  5303 | D:6      | Reached skill level 5 in Dodging
  5368 | D:6      | Found a sacrificial altar of Ru.
  5404 | D:6      | Reached skill level 5 in Throwing
  5898 | D:7      | Reached XP level 9. HP: 54/54 MP: 9/9
  6159 | D:7      | Found a staircase to the Ecumenical Temple.
  6164 | Temple   | Entered the Ecumenical Temple
  6573 | Temple   | Became a worshipper of the Wu Jian Council
  6603 | D:7      | Reached skill level 6 in Fighting
  6647 | D:7      | Found a bloodstained altar of Trog.
  7468 | D:8      | Upgraded the game from 0.30-a0-840-ga523dec638 to
                  | 0.30-a0-845-g7c6808c8ce
  7471 | D:8      | Noticed Erica
  7620 | D:8      | Noticed Joseph
  7630 | D:8      | Reached XP level 10. HP: 61/61 MP: 10/10
  7648 | D:8      | Reached skill level 10 in Stealth
  7651 | D:8      | Reached skill level 7 in Fighting
  7672 | D:8      | Noticed a centaur warrior
  7673 | D:8      | Killed a centaur warrior
  7694 | D:8      | Noticed a two-headed ogre
  7695 | D:8      | Killed a two-headed ogre
  7703 | D:8      | Reached * piety under Wu Jian
  7757 | D:8      | Reached skill level 1 in Evocations
  7816 | D:8      | Noticed Psyche
  7823 | D:8      | Killed Psyche
  7846 | D:8      | Reached skill level 8 in Fighting
  7846 | D:8      | Reached XP level 11. HP: 68/68 MP: 11/11
  8149 | D:8      | Learned a level 2 spell: Passwall
  8617 | D:9      | Reached skill level 1 in Earth Magic
  8687 | D:9      | Reached skill level 1 in Transmutations
  8773 | D:9      | Reached skill level 10 in Short Blades
  8829 | D:9      | Reached ** piety under Wu Jian
  9090 | D:9      | Found Bakhlaexet's Antique Armour Boutique.
  9432 | D:10     | Entered Level 10 of the Dungeon
  9826 | D:10     | Noticed a two-headed ogre
  9848 | D:10     | Noticed Amaemon
  9881 | D:10     | Noticed Grum
  9891 | D:10     | Found a staircase to the Lair.
  9898 | D:10     | Reached skill level 9 in Fighting
 10474 | D:9      | Reached *** piety under Wu Jian
 10648 | D:10     | Killed a two-headed ogre
 10649 | D:10     | Reached skill level 1 in Armour
 10733 | D:10     | Killed Grum
 10932 | D:10     | Reached XP level 12. HP: 76/76 MP: 12/12
 11230 | D:10     | HP: 21/76 [poisoned by Amaemon]
 11233 | D:10     | Killed Amaemon
 11234 | D:10     | Reached skill level 10 in Dodging
 11235 | D:10     | HP: 8/76 [poisoned by Amaemon]
 11744 | Lair:1   | Entered Level 1 of the Lair of Beasts
 11792 | Lair:1   | Found a gate leading to a gauntlet.
 11804 | Gauntlet | Entered a Gauntlet
 11804 | Gauntlet | Noticed a catoblepas
 11804 | Gauntlet | Found a transporter.
 11817 | Gauntlet | Found a transporter.
 11829 | Gauntlet | Found a transporter.
 11842 | Gauntlet | Found a transporter.
 11851 | Gauntlet | Noticed a death scarab
 11855 | Gauntlet | Found a transporter.
 11858 | Gauntlet | Noticed a death scarab
 11866 | Gauntlet | Noticed a reaper
 11872 | Gauntlet | Found a transporter.
 13199 | Lair:2   | Reached skill level 5 in Earth Magic
 13208 | Lair:2   | Reached skill level 10 in Fighting
 13224 | Lair:2   | Reached skill level 5 in Transmutations
 13340 | Lair:2   | Noticed a skyshark
 13353 | Lair:2   | Killed a skyshark
 13389 | Lair:2   | Noticed a seven-headed hydra
 13393 | Lair:2   | Killed a seven-headed hydra
 13791 | Lair:2   | Reached XP level 13. HP: 83/83 MP: 13/13
 13826 | Lair:2   | Found a staircase to the Snake Pit.
 14139 | Lair:2   | Reached **** piety under Wu Jian
 14575 | Lair:3   | Noticed a seven-headed hydra
 14578 | Lair:3   | Killed a seven-headed hydra
 14579 | Lair:3   | Reached skill level 5 in Evocations
 14664 | Lair:3   | Reached skill level 11 in Fighting
 15050 | Lair:3   | HP: 23/84 [bog body (11)]
 15050 | Lair:3   | HP: 4/84 [bog body (19)]
 15053 | Lair:3   | Reached skill level 5 in Armour
 15124 | Lair:3   | Found a staircase to the Swamp.
 15664 | Lair:4   | Found a staircase to the Slime Pits.
 15700 | Lair:4   | Noticed a four-headed hydra
 15702 | Lair:4   | Killed a four-headed hydra
 15731 | Lair:4   | Found a viscous altar of Jiyva.
 15815 | Lair:4   | Found a transporter.
 16797 | Lair:4   | Reached XP level 14. HP: 84/91 MP: 14/14
 16827 | Lair:4   | Learned a level 4 spell: Petrify
 16843 | Lair:4   | Found a transporter.
 17171 | Lair:5   | Entered Level 5 of the Lair of Beasts
 17554 | Lair:5   | Reached skill level 12 in Fighting
 19327 | Lair:5   | Reached XP level 15. HP: 97/97 MP: 5/15
 20509 | Lair:5   | Got Practical Witchery
 22047 | D:12     | Found a staircase to the Orcish Mines.
 22047 | D:12     | Found Zaqaklix's Armour Emporium.
 22048 | D:12     | Reached skill level 13 in Fighting
 22336 | D:12     | Bought a +0 cloak of preservation for 161 gold pieces
 23559 | D:12     | Reached skill level 15 in Stealth
 25132 | D:14     | Reached XP level 16. HP: 64/104 MP: 13/16
 25291 | D:14     | Found a gate to the Vaults.
 25539 | D:14     | Reached skill level 10 in Transmutations
 25539 | D:14     | Reached skill level 10 in Earth Magic
 27486 | D:14     | Noticed Agnes
 27494 | D:14     | Killed Agnes
 27799 | D:15     | Entered Level 15 of the Dungeon
 27912 | D:14     | Reached skill level 15 in Dodging
 28035 | Orc:1    | Entered Level 1 of the Orcish Mines
 28048 | D:12     | Reached skill level 14 in Fighting
 28657 | Orc:2    | Entered Level 2 of the Orcish Mines
 28842 | Orc:2    | Noticed Josephine
 29055 | Orc:2    | Found a staircase to the Elven Halls.
 29056 | Orc:2    | Killed Josephine
 29441 | Orc:2    | Noticed Azrael
 31036 | Orc:1    | Killed Azrael
 31037 | Orc:1    | Reached skill level 1 in Spellcasting
 31939 | Orc:2    | Reached XP level 17. HP: 111/111 MP: 19/19
 32551 | Orc:2    | Found Doteugua's Weapon Boutique.
 32552 | Orc:2    | Found Guofidgho's Weapon Shop.
 32553 | Orc:2    | Found Voetwom's Distillery.
 32553 | Orc:2    | Found Goquskah's Armour Shop.
 32559 | Orc:2    | Bought 3 atropa-tipped darts for 27 gold pieces
 32564 | Orc:2    | Bought a +1 pair of boots of stealth for 247 gold pieces
 34549 | D:15     | Found a staircase to the Depths.
 34616 | D:15     | Found a stormy altar of Qazlal.
 34630 | D:15     | Identified the +1 pair of boots of the Freezing Gods {rPois
                  | rCorr Str+6 Stlth-}
 35363 | Snake:1  | Entered Level 1 of the Snake Pit
 35553 | Snake:1  | Found Zaibal's Armour Boutique.
 35556 | Snake:1  | Found Teiwno's General Store.
 35563 | Snake:1  | Bought a scroll of acquirement for 988 gold pieces
 35567 | Snake:1  | Found Adaukos's Weapon Boutique.
 37296 | Snake:1  | Found Jautixt's Book Shoppe.
 37296 | Snake:1  | Found Nuoduo's Book Shoppe.
 37297 | Snake:1  | Found Latuol's Jewellery Shop.
 37360 | Snake:2  | Reached skill level 15 in Fighting
 37400 | Snake:2  | Reached skill level 10 in Evocations
 37674 | Snake:1  | Reached ***** piety under Wu Jian
 37705 | Snake:2  | Reached skill level 5 in Spellcasting
 38104 | Snake:2  | Reached XP level 18. HP: 59/119 MP: 21/25
 38563 | Snake:2  | Found Ybrai's Self-Improvement Boutique.
 38609 | Snake:2  | Identified the +0 chain mail "Xurolyag" {rElec Regen+
                  | Str-5}
 39869 | Snake:3  | Reached skill level 16 in Fighting
 39924 | Snake:3  | Learned a level 5 spell: Borgnjor's Vile Clutch
 39980 | Snake:1  | Acquired a manual of Earth Magic
 40079 | Snake:3  | Found a burning altar of Makhleb.
 40337 | Snake:3  | Reached skill level 1 in Necromancy
 40421 | Snake:4  | Entered Level 4 of the Snake Pit
 40961 | Snake:4  | Noticed Aizul
 40963 | Snake:4  | Killed Aizul
 41109 | Snake:4  | Found a glowing silver altar of Zin.
 41195 | Snake:4  | Identified the +1 war axe of Himoonem {spect, *Rage rF+++
                  | rCorr Stlth+}
 41641 | Snake:4  | Noticed Vashnia
 41787 | Snake:3  | HP: 35/122 [nagaraja/bolt of poison (19)]
 41792 | Snake:2  | HP: 25/122 [poisoned by a nagaraja (bolt of poison)]
 41797 | Snake:2  | HP: 26/122 [poisoned by a nagaraja (bolt of poison)]
 42082 | Swamp:1  | Entered Level 1 of the Swamp
 42094 | Swamp:1  | Learned a level 6 spell: Iron Shot
 42237 | Swamp:1  | Reached skill level 1 in Conjurations
 42253 | Swamp:1  | Found a runed translucent gate.
 42253 | Swamp:1  | Found a runed translucent gate.
 42253 | Swamp:1  | Found a runed translucent gate.
 42415 | Swamp:1  | Reached XP level 19. HP: 127/127 MP: 26/26
 42522 | Swamp:1  | Noticed arthad's ghost (journeyman FeSu)
 42530 | Swamp:1  | Noticed a tentacled monstrosity
 44041 | Swamp:2  | Reached skill level 5 in Necromancy
 44041 | Swamp:2  | Noticed Nikola
 44173 | Swamp:2  | Upgraded the game from 0.30-a0-845-g7c6808c8ce to
                  | 0.30-a0-847-g17996783a1
 44433 | Swamp:2  | Killed Nikola
 44574 | Swamp:2  | Noticed Donald
 44582 | Swamp:2  | Killed Donald
 44699 | Swamp:3  | Found a transporter.
 44714 | Swamp:3  | Found a transporter.
 44950 | Swamp:3  | Identified Roxanne's Book of Transition
 44950 | Swamp:3  | Noticed Roxanne
 44955 | Swamp:3  | Identified the ring of Wu Jian's Condemnation {rPois Will+}
 44994 | Swamp:3  | Reached skill level 17 in Fighting
 45804 | Swamp:4  | Entered Level 4 of the Swamp
 46037 | Swamp:4  | Noticed Mlioglotl
 46038 | Swamp:4  | Killed Mlioglotl
 46084 | Swamp:4  | Reached skill level 5 in Conjurations
 46887 | Swamp:4  | Reached XP level 20. HP: 134/134 MP: 27/27
 46954 | Swamp:4  | Gained mutation: You are agile. (Dex +4, Str/Int -1) [a
                  | neqoxec]
 47177 | Swamp:4  | Got a decaying rune of Zot
 48697 | Snake:4  | Reached skill level 15 in Earth Magic
 49467 | Snake:4  | Got a serpentine rune of Zot
 49755 | Vaults:1 | Entered Level 1 of the Vaults
 49780 | Vaults:1 | Reached skill level 18 in Fighting
 50763 | Vaults:1 | Found a huge runed gate.
 50763 | Vaults:1 | Found a huge runed gate.
 50763 | Vaults:1 | Found a huge runed gate.
 50763 | Vaults:1 | Found a huge runed gate.
 50763 | Vaults:1 | Found a huge runed gate.
 50763 | Vaults:1 | Found a huge runed gate.
 50763 | Vaults:1 | Found a huge runed gate.
 50764 | Vaults:1 | Found a huge runed gate.
 50768 | Vaults:1 | Found a huge runed gate.
 50768 | Vaults:1 | Found a huge runed gate.
 50769 | Vaults:1 | Found a huge runed gate.
 50771 | Vaults:1 | Found a huge runed gate.
 50772 | Vaults:1 | Found a huge runed gate.
 50773 | Vaults:1 | Found a huge runed gate.
 50774 | Vaults:1 | Found a huge runed gate.
 50775 | Vaults:1 | Found a huge runed gate.
 50776 | Vaults:1 | Found a huge runed gate.
 50781 | Vaults:1 | Found a huge runed gate.
 50781 | Vaults:1 | Found a huge runed gate.
 50781 | Vaults:1 | Found a huge runed gate.
 50782 | Vaults:1 | Found a huge runed gate.
 50783 | Vaults:1 | Found a huge runed gate.
 50784 | Vaults:1 | Found a huge runed gate.
 50785 | Vaults:1 | Found a huge runed gate.
 50786 | Vaults:1 | Found a huge runed gate.
 50787 | Vaults:1 | Found a huge runed gate.
 50792 | Vaults:1 | Found a huge runed gate.
 50792 | Vaults:1 | Found a huge runed gate.
 50792 | Vaults:1 | Found a huge runed gate.
 50793 | Vaults:1 | Found a huge runed gate.
 50794 | Vaults:1 | Found a huge runed gate.
 50795 | Vaults:1 | Found a huge runed gate.
 50830 | Vaults:1 | Found a huge runed gate.
 50831 | Vaults:1 | Found a huge runed gate.
 50832 | Vaults:1 | Found a huge runed gate.
 50837 | Vaults:1 | Found a huge runed gate.
 51547 | Vaults:1 | Paralysed by a great orb of eyes for 5 turns
 51555 | Vaults:1 | Paralysed by a great orb of eyes for 4 turns
 51922 | Vaults:1 | Found a runed translucent door.
 51929 | Vaults:1 | Noticed Luiw's ghost (veteran HOBe)
 52225 | Vaults:2 | Found a flickering gateway to a bazaar.
 52245 | Bazaar   | Entered a bazaar
 52329 | Bazaar   | Found Axaoc's General Store.
 52350 | Bazaar   | Found Gopa's Weapon Emporium.
 52371 | Bazaar   | Found Fibi's Book Boutique.
 52391 | Bazaar   | Found Ylyn's Antique Weapon Shoppe.
 52464 | Bazaar   | Learned a level 5 spell: Irradiate
 52464 | Bazaar   | Bought a book of Sloth for 540 gold pieces
 52510 | Bazaar   | Learned a level 6 spell: Statue Form
 52522 | Bazaar   | Bought a potion of curing for 24 gold pieces
 52522 | Bazaar   | Bought a wand of roots (3) for 57 gold pieces
 52522 | Bazaar   | Bought 3 atropa-tipped darts for 21 gold pieces
 52537 | Bazaar   | Bought 3 atropa-tipped darts for 18 gold pieces
 52705 | Vaults:2 | Reached XP level 21. HP: 142/142 MP: 27/28
 53430 | Vaults:2 | Reached skill level 19 in Fighting
 54295 | Vaults:2 | Identified the +2 arbalest "Daingaif" {antimagic, rF+ rN++}
 54464 | Vaults:2 | Reached skill level 10 in Conjurations
 55207 | Vaults:2 | Identified the +11 sling of Neij {heavy, Fly rF+ Str+2}
 55212 | Abyss:3  | Cast into level 3 of the Abyss (a deep elf sorcerer)
 55218 | Abyss:3  | Found a corrupted altar of Lugonu.
 55656 | Abyss:3  | Noticed a bone dragon
 55999 | Abyss:3  | Noticed a bone dragon
 56013 | Abyss:3  | Killed a bone dragon
 56050 | Vaults:2 | Escaped the Abyss
 56073 | Vaults:2 | Paralysed by a great orb of eyes for 5 turns
 56083 | Vaults:2 | Identified the +4 cloak of Getelali {Regen+ Str+5}
 56396 | Vaults:2 | Found a staircase to the Crypt.
 56396 | Vaults:2 | Found a basalt altar of Yredelemnul.
 56396 | Vaults:2 | Found an ancient bone altar of Kikubaaqudgha.
 57435 | Vaults:3 | Reached XP level 22. HP: 150/150 MP: 29/29
 57463 | Vaults:3 | Reached ****** piety under Wu Jian
 57791 | Vaults:3 | You fall into a shaft and drop 1 floor!
 58023 | Vaults:4 | HP: 45/150 [deep troll[an ironbound preserver] (8)]
 58386 | Vaults:4 | Noticed Margery
 59076 | Vaults:3 | HP: 41/151 [sphinx/divine providence (13)]
 60953 | Vaults:4 | HP: 44/152 [deep troll[an ironbound preserver] (5)]
 61602 | Vaults:4 | Identified the +2 cloak "Okled" {*Slow rPois Dex+9 SInv}
 61712 | Vaults:4 | Reached skill level 20 in Fighting
 62625 | Snake:2  | Bought a manual of Fighting for 1360 gold pieces
 62962 | Crypt:1  | Entered Level 1 of the Crypt
 63236 | Elf:1    | Entered Level 1 of the Elven Halls
 63315 | Elf:1    | Reached skill level 1 in Shields
 63744 | Elf:1    | Reached XP level 23. HP: 157/157 MP: 18/30
 63836 | Elf:1    | Identified the +9 battleaxe of Yredelemnul's Delight
                  | {antimagic, rC- rN++ Int+4}
 64226 | Elf:1    | Found Cerusam's Armour Boutique.
 65770 | Elf:2    | Found a runed translucent gate.
 65770 | Elf:2    | Found a runed translucent gate.
 65771 | Elf:2    | Found a runed translucent gate.
 67939 | Elf:2    | Upgraded the game from 0.30-a0-847-g17996783a1 to
                  | 0.30-a0-852-g08b95dd62f
 67940 | Elf:3    | Entered Level 3 of the Elven Halls
 68789 | Elf:3    | Reached skill level 5 in Shields
 68846 | Elf:3    | Reached skill level 21 in Fighting
 70492 | Elf:3    | Identified the ring of Tegatz {rElec Str+6 Dex+2}
 71649 | Elf:3    | Reached skill level 22 in Fighting
 71700 | Elf:3    | Identified the +0 cloak of Tenacity {rF++ Int+4}
 71711 | Elf:3    | Identified the +1 falchion "Jellyslayer" {venom, Stlth+}
 71713 | Elf:3    | Identified the +6 plate armour of Miumasiq {rN+ Int+4
                  | Slay+3}
 71750 | Elf:3    | Found the +0 pair of fencer's gloves {Riposte Dex+3}
 71876 | Elf:3    | Identified the ring "Fekilot" {Will++ Str-2 Dex-2 Slay+4
                  | SInv Stlth+}
 73166 | Crypt:1  | Reached XP level 24. HP: 167/168 MP: 35/35
 74533 | Crypt:3  | Entered Level 3 of the Crypt
 74579 | Crypt:3  | Reached skill level 10 in Spellcasting
 74884 | Crypt:3  | Noticed Mennas
 74885 | Crypt:3  | Killed Mennas
 74914 | Crypt:3  | Reached skill level 23 in Fighting
 75044 | Crypt:3  | Found an ancient bone altar of Kikubaaqudgha.
 75165 | Crypt:3  | Found a staircase to the Tomb.
 75181 | Crypt:3  | Identified the +5 quarterstaff of Umnyar {venom, rC+ rCorr}
 75463 | Crypt:3  | Noticed a curse toe
 75669 | Crypt:3  | Identified the ring of Fragile Peace {rN+ Str+5}
 75737 | Crypt:3  | Killed a curse toe
 75837 | Crypt:3  | Identified the ring "Qolia" {Fly rC- rN+ Int+3}
 76296 | Crypt:3  | Noticed an ancient lich
 76583 | Depths:1 | Entered Level 1 of the Depths
 76794 | Depths:1 | Found an opulent altar of Gozag.
 76830 | Depths:1 | Found a gateway to Hell.
 76976 | Depths:1 | Found a runed translucent door.
 77171 | Depths:1 | Found Xuvvyiwe's General Store.
 77172 | Depths:1 | Found Zaulef's Magic Scroll Emporium.
 77173 | Depths:1 | Found Kauraad's Antique Armour Shoppe.
 77176 | Depths:1 | Bought a potion of heal wounds for 65 gold pieces
 77178 | Depths:1 | Bought a scroll of fog for 76 gold pieces
 77277 | Depths:1 | Found a one-way gateway to a ziggurat.
 77645 | Depths:1 | Noticed Guhiopysh's ghost (adept TrMo)
 77675 | Depths:1 | Killed Guhiopysh's ghost
 77836 | Depths:2 | Found a one-way gate to the infinite horrors of the Abyss.
 79059 | Depths:2 | Identified the +5 falchion "Nezumekuel" {holy, rF+ rC+
                  | SInv}
 79178 | Depths:2 | Found a one-way gate leading to the halls of Pandemonium.
 79284 | Depths:2 | Found a blossoming altar of Fedhas.
 79481 | Depths:3 | Noticed a golden dragon
 79482 | Depths:3 | Killed a golden dragon
 79507 | Depths:3 | Reached skill level 24 in Fighting
 79540 | Depths:3 | Gained mutation: You are dopey. (Int -2) [mutagenic glow]
 79566 | Depths:3 | Reached XP level 25. HP: 151/178 MP: 18/39
 79636 | Depths:3 | Noticed a juggernaut
 80087 | Depths:2 | Killed a juggernaut
 80807 | Depths:3 | Found a runed translucent gate.
 80807 | Depths:3 | Noticed Gucom's ghost (veteran GnFi)
 80808 | Depths:3 | Found a runed translucent gate.
 80810 | Depths:3 | Found a runed translucent gate.
 81266 | Depths:4 | Entered Level 4 of the Depths
 81272 | Depths:4 | Reached skill level 25 in Fighting
 81283 | Depths:4 | Found a white marble altar of Elyvilon.
 82786 | Depths:4 | Found a gate to the Realm of Zot.
 82908 | Depths:4 | Learned a level 1 spell: Apportation
 83771 | Depths:1 | Bought a scroll of enchant weapon for 142 gold pieces
 84151 | Lair:4   | Identified the +1 scale mail of Lifelessness {-Tele Str+2
                  | Int+7 Stlth+}
 85035 | Vaults:5 | Entered Level 5 of the Vaults
 85038 | Vaults:5 | Reached skill level 1 in Translocations
 85598 | Vaults:5 | Noticed an ancient lich
 85620 | Vaults:5 | HP: 41/182 [yaktaur/bolt[a vault warden] (25)]
 85622 | Vaults:5 | Killed an ancient lich
 85629 | Vaults:5 | Reached XP level 26. HP: 83/189 MP: 4/39
 85656 | Vaults:5 | HP: 49/189 [ettin/+0 dire flail (29)]
 85812 | Vaults:5 | Identified the amulet of Pewol {RegenMP rCorr Str-3 Int+8
                  | Stlth+}
 85866 | Vaults:5 | Noticed Bai Suzhen
 85886 | Vaults:5 | Killed Bai Suzhen
 86238 | Vaults:5 | Reached skill level 26 in Fighting
 86304 | Vaults:5 | Noticed an ancient lich
 86308 | Vaults:5 | Identified the +5 chain mail of Morality {Regen+}
 86315 | Vaults:5 | Killed an ancient lich
 86455 | Vaults:5 | Noticed a dread lich
 86466 | Vaults:5 | Killed a dread lich
 86794 | Vaults:4 | Killed Margery
 87250 | Depths:1 | Bought a shimmering ring mail for 315 gold pieces
 87250 | Depths:1 | Identified the +1 ring mail "Kelinoir" {Rampage +Blink
                  | Int+5} (You bought it in a shop on level 1 of the Depths)
 87252 | Depths:1 | Bought a runed buckler for 262 gold pieces
 87489 | Snake:1  | Bought the +0 mask of the Dragon {Will+ Slay+3 SInv} for
                  | 400 gold pieces
 87489 | Snake:1  | Found the +0 mask of the Dragon {Will+ Slay+3 SInv}
 87746 | Depths:2 | Voluntarily entered the Abyss.
 87751 | Abyss:3  | Found a corrupted altar of Lugonu.
 88098 | Abyss:4  | Found a hide-covered altar of Uskayaw.
 88145 | Abyss:4  | Found a corrupted altar of Lugonu.
 88150 | Abyss:4  | Found a corrupted altar of Lugonu.
 88150 | Abyss:4  | Found a corrupted altar of Lugonu.
 88172 | Depths:2 | Escaped the Abyss
 88445 | Vaults:5 | Noticed a dread lich
 88457 | Vaults:4 | Killed a dread lich
 88614 | Vaults:5 | Identified the +6 falchion of Defence by Offence {heavy,
                  | +Blink rC+}
 88647 | Vaults:5 | Reached skill level 15 in Spellcasting
 88785 | Vaults:5 | Reached skill level 27 in Fighting
 89211 | Vaults:5 | Reached XP level 27. HP: 199/199 MP: 42/42
 89308 | Vaults:5 | Got a silver rune of Zot
 89516 | Vaults:5 | Found Bometuuh's Book Boutique.
 89520 | Vaults:5 | Got Goywk's Compilation of Hindering Nonlocality
 89526 | Vaults:5 | Learned a level 2 spell: Blink
 89532 | Vaults:5 | Learned a level 5 spell: Lee's Rapid Deconstruction
 89605 | Vaults:5 | Identified the +0 chain mail "Awilog" {rPois Regen+ rCorr
                  | Str-3}
 89953 | Vaults:5 | Upgraded the game from 0.30-a0-852-g08b95dd62f to
                  | 0.30-a0-857-gcaf70739d4
 90974 | Crypt:3  | Killed an ancient lich
 91466 | Orc:2    | Bought a potion of brilliance for 56 gold pieces
 91466 | Orc:2    | Bought a potion of curing for 42 gold pieces
 91466 | Orc:2    | Bought a potion of lignification for 42 gold pieces
 91466 | Orc:2    | Bought a potion of resistance for 140 gold pieces
 91466 | Orc:2    | Bought a potion of curing for 42 gold pieces
 91466 | Orc:2    | Bought a potion of haste for 140 gold pieces
 92355 | Swamp:1  | Killed arthad's ghost
 92583 | Snake:1  | Bought a potion of curing for 57 gold pieces
 92583 | Snake:1  | Bought a scroll of fog for 76 gold pieces
 93481 | Slime:1  | Entered Level 1 of the Pits of Slime
 93871 | Slime:5  | Entered Level 5 of the Pits of Slime
 94551 | Slime:5  | Noticed the Royal Jelly
 94552 | Slime:5  | Found a viscous altar of Jiyva.
 94676 | Slime:5  | Killed the Royal Jelly
 95414 | Slime:5  | Identified the +9 spear "Tecim" {heavy, Will++}
 95443 | Slime:5  | Identified the ring "Kulau" {Will+ Dex+6}
 95454 | Slime:5  | Identified the ring of the Tempest {rC++ rN+++ Will+ Int+3
                  | Stlth-}
 95469 | Slime:5  | Identified the +0 cloak "Fofusteapi" {Str+4}
 95473 | Slime:5  | Got a slimy rune of Zot
 95479 | Slime:5  | Identified the +10 war axe of Putrescence {freeze, rPois
                  | Int+2}
 95502 | Slime:5  | Identified the ring of Terra Nullius {rPois Str+2}
 95513 | Slime:5  | Got the Secrets of Charged Wicked Rites
 96057 | Zot:1    | Entered Level 1 of the Realm of Zot
 96564 | Zot:1    | Identified the +7 ring mail of the Buccaneer {rF+ rN+ Str+2
                  | Slay-6}
 97945 | Zot:2    | Reached skill level 15 in Evocations
 98031 | Zot:2    | Noticed Parghit
 98040 | Zot:2    | Killed Parghit
 98289 | Zot:2    | HP: 48/199 [black draconian knight/bolt of cold (22)]
 99333 | Zot:2    | Identified the +0 pair of gloves of Incorporation {Int+5}
 99457 | Zot:3    | Found a shimmering altar of Xom.
 99458 | Zot:3    | Noticed a Killer Klown
 99468 | Zot:3    | Found a shimmering altar of Xom.
 99468 | Zot:3    | Killed a Killer Klown
102714 | Zot:5    | Entered Level 5 of the Realm of Zot
103820 | Zot:5    | Paralysed by a Zot trap for 5 turns
104086 | Zot:5    | Noticed a Killer Klown
104114 | Zot:5    | Killed a Killer Klown
104195 | Zot:5    | Noticed a Killer Klown
104206 | Zot:5    | Killed a Killer Klown
104277 | Zot:5    | Noticed a Killer Klown
104277 | Zot:5    | Noticed a Killer Klown
104399 | Zot:5    | Noticed an orb of fire
104434 | Zot:5    | Noticed a Killer Klown
104440 | Zot:5    | Lost mutation: You are agile. (Dex +4, Str/Int -1) [an orb
                  | of fire]
104446 | Zot:5    | Gained mutation: You are weak. (Str -2) [an orb of fire]
104448 | Zot:5    | Lost mutation: You are dopey. (Int -2) [an orb of fire]
104451 | Zot:5    | Noticed an orb of fire
104451 | Zot:5    | Gained mutation: Your spells are a little easier to cast,
                  | but a little less powerful. [an orb of fire]
104454 | Zot:5    | Gained mutation: You are robust. (+10% HP) [an orb of fire]
104459 | Zot:5    | Gained mutation: Potions are less effective at restoring
                  | your health. [an orb of fire]
104462 | Zot:5    | HP: 58/218 [orb of fire/bolt of fire (8)]
104782 | Zot:4    | Killed an orb of fire
104821 | Zot:4    | Lost mutation: You are weak. (Str -2) [potion of mutation]
104821 | Zot:4    | Lost mutation: You are robust. (+10% HP) [potion of
                  | mutation]
104821 | Zot:4    | Lost mutation: Your spells are a little easier to cast, but
                  | a little less powerful. [potion of mutation]
104821 | Zot:4    | Gained mutation: You are dopey. (Int -2) [potion of
                  | mutation]
104821 | Zot:4    | Gained mutation: You passively map a small area around you.
                  | [potion of mutation]
104822 | Zot:4    | Lost mutation: Potions are less effective at restoring your
                  | health. [potion of mutation]
104822 | Zot:4    | Lost mutation: You are dopey. (Int -2) [potion of mutation]
104822 | Zot:4    | Lost mutation: You passively map a small area around you.
                  | [potion of mutation]
104822 | Zot:4    | Gained mutation: You are clumsy. (Dex -2) [potion of
                  | mutation]
104822 | Zot:4    | Gained mutation: You have sharp toenails. [potion of
                  | mutation]
104822 | Zot:4    | Gained mutation: You are robust. (+10% HP) [potion of
                  | mutation]
104822 | Zot:4    | Gained mutation: You have razor-sharp toenails. [potion of
                  | mutation]
104859 | Zot:5    | Noticed an orb of fire
104872 | Zot:5    | Killed an orb of fire
104873 | Zot:5    | Noticed a Killer Klown
104888 | Zot:5    | Gained mutation: Your body sometimes deteriorates upon
                  | taking damage. [an orb of fire]
104889 | Zot:5    | Killed an orb of fire
104889 | Zot:5    | HP: 61/218 [Killer Klown/klown pie (26)]
105169 | Zot:4    | Lost mutation: Your body sometimes deteriorates upon taking
                  | damage. [potion of mutation]
105169 | Zot:4    | Lost mutation: You are clumsy. (Dex -2) [potion of
                  | mutation]
105169 | Zot:4    | Lost mutation: You have razor-sharp toenails. [potion of
                  | mutation]
105169 | Zot:4    | Lost mutation: You are robust. (+10% HP) [potion of
                  | mutation]
105169 | Zot:4    | Gained mutation: You expend magic power (3 MP) to
                  | strengthen your wands. [potion of mutation]
105177 | Zot:5    | Killed a Killer Klown
105182 | Zot:5    | Noticed a Killer Klown
105389 | Zot:4    | Killed a Killer Klown
105469 | Zot:5    | Noticed a Killer Klown
105473 | Zot:5    | Noticed a Killer Klown
105473 | Zot:5    | Noticed a Killer Klown
105490 | Zot:4    | HP: 37/199 [Killer Klown/klown pie (29)]
105496 | Zot:4    | Killed from afar by a Killer Klown

Illustrated notes

Levels and vault maps discovered:
D:1:      kennysheep_arrival_forest, layout_loops_ring, serial_bayou_pond_d
D:2:      layout_basic, hellmonk_ecumenical_altar_run_dry
D:3:      layout_loops_corners
D:4:      layout_loops_ring, minmay_misc_feat_columns, columned_hall_lemuel,
          corexii_item_surrounded_by_moat, wad_floor_pattern_2, uniq_robin
D:5:      layout_cave_pools, makhleb_altar_promises_db, kennysheep_slug_shrine,
          hangedman_decor_slide_cut
D:6:      layout_rooms, nicolae_ru_awakened_eye
D:7:      layout_layer_cave, trog_ov_bears_minmay, minmay_temple_entry_wispy,
          abandoned_shop, st_stairs_1
D:8:      minmay_imperfect_grid, layout_basic, uniq_joseph, uniq_psyche,
          uniq_erica
D:9:      layout_roguey, serial_shops, nicolae_diamond_shop,
          kennysheep_generic_room_10
D:10:     layout_irregular_city, hellmonk_lair_entry_icy, uniq_grum,
          uniq_amaemon
D:11:     layout_layer_cave, nicolae_titane
D:12:     layout_rooms, orc_david_3
D:13:     minmay_spotlight, layout_rooms, minmay_orc_keep
D:14:     layout_loops_cross, david_vaults_5, serial_undead, serial_undead_f,
          serial_undead_d, serial_undead_a, serial_undead_f, uniq_agnes
D:15:     grunt_enter_depths_magical_seal, layout_cave_pods,
          nicolae_qazlal_style_of_elements
Temple:   hc_temple_tempest_star
Lair:1:   layout_loops_ring, gauntlet_entry_generic,
          pdpol_lair_neglected_garden, serial_bayou_lagoon_b
Lair:2:   layout_cave_pods, dummy_snake_entry, grunt_megastairs_4
Lair:3:   layout_regular_city, skrybe_swamp_entry_bodies,
          amcnicky_mini_pool_medium, grunt_megastairs_5, serial_bayou_shore_a
Lair:4:   gammafunk_cloud_chamber, layout_loops_ring,
          nicolae_slime_entry_field_trip, infiniplex_staircase_pool
Lair:5:   grunt_lair_end_beastmaster, layout_cave_pods,
          chequers_serial_rivers_room_b, lemuel_fruit_fields,
          serial_bayou_shore_b, grunt_megastairs_3
Swamp:1:  layout_basic_swamp, gammafunk_ghost_split,
          evilmike_swamp_ruin_house_5, lightli_tree_ring
Swamp:2:  layout_falls_marsh, serial_swamp_ruin, evilmike_swamp_ruin_house_2,
          evilmike_swamp_ruin_house_6, uniq_donald, uniq_nikola
Swamp:3:  nicolae_swamp_wrong_neighborhood, layout_falls_marsh,
          gammafunk_ghost_wrathful_warriors, hangedman_swamp_pad, swamp_pool5,
          hangedman_swamp_wriggling, uniq_roxanne
Swamp:4:  nzn_swamp_witches_coven, layout_basic_swamp,
          nicolae_swamp_stuck_in_the_mud, uniq_mlioglotl
Snake:1:  layout_chambers, nicolae_snake_serpentine_bazaar, minmay_shop_grove,
          grunt_megastairs_2
Snake:2:  layout_rooms, st_stairs_1, nicolae_shop_self_help
Snake:3:  layout_misc_corridors, basic_altar
Snake:4:  grunt_snake_rune_serpentine_throne, layout_cave_town, basic_altar,
          uniq_aizul
Slime:1:  layout_caves
Slime:2:  layout_caves, basic_altar
Slime:3:  layout_caves
Slime:4:  layout_caves
Slime:5
Orc:1:    layout_diamond_mine
Orc:2:    st_orc_pillars, layout_caves, nicolae_orc_bridge_out, uniq_azrael,
          uniq_josephine
Elf:1:    eino_elf_arrival_shootout, layout_geoelf_diagonals, serial_shops,
          shop, hangedman_elf_represent
Elf:2:    nicolae_elf_blades_splatter_lattice [nicolae_blade_entry_pointy_end],
          layout_gridlike
Elf:3:    minmay_elf_hall, layout_onion_city
Vaults:1: hellmonk_ghost_big_iron, vaults_room_boxed, ontoclasm_vaults_idyll,
          vaults_room_ringed_pool, hangedman_vaults_stream,
          grunt_vaults_hallway_long, vaults_dpeg_encased_lava,
          nicolae_vaults_asterisk, ontoclasm_vaults_shuriken, v_misc_28,
          door_vault, nicolae_vaults_asterisk, nicolae_vaults_circle_grid_b,
          v_pattern_3, nicolae_vaults_asterisk, grunt_vaults_funnel,
          layout_vaults_maze
Vaults:2: nicolae_vaults_network_periphery, v_rooms_5,
          minmay_crypt_entry_necro_gods, nicolae_vaults_border_crossing,
          nicolae_vaults_three_branches, ontoclasm_vaults_tryst,
          hangedman_vaults_stitches, vaults_room_fours, st_check,
          nicolae_vaults_big_angled_halls, layout_vaults_omnicross,
          serial_shops, bzr_entry_dummy
Vaults:3: vaults_room_fours, nicolae_vaults_little_squares_1,
          nicolae_vaults_little_squares_3, dpeg_vaults_monster_row,
          nicolae_vaults_sealed_display, v_alt_pattern_6,
          nicolae_vaults_little_squares_4, vaults_dpeg_emergency_exit,
          layout_vaults_omnigrid
Vaults:4: st_squares, v_alt_pattern_3, v_pattern_5, v_misc_12, v_misc_17,
          v_misc_5, nicolae_vaults_what_the_h, ontoclasm_vaults_hangar,
          v_misc_22, hangedman_vaults_hat, vaults_room_fours,
          layout_vaults_omnibox, uniq_margery
Vaults:5: uniq_bai_suzhen
Crypt:1:  layout_rooms
Crypt:2:  layout_chaotic_city, grunt_ministairs_8, due_unseen_surprise
Crypt:3:  david_glass_crypt, layout_misc_corridors, basic_altar,
          serial_sigils_hangedman_quiver, uniq_mennas
Depths:1: layout_honeycomb, enter_ziggurat_f, ebering_ghost_reflecting_pool,
          patterned_corridor, pf_hell_entry_great_geh,
          nicolae_gozag_seed_capital, minmay_shop_star
Depths:2: minmay_broken_ring, layout_long_grid, fedhas_altar_3, abyss_entry,
          hell_entry, rand_demon_pan_entry_8, infiniplex_staircase_split_hallway
Depths:3: wad_cavern_with_rooms, layout_cave_pools, hell_entry,
          mu_enter_wizlab_7, abyss_entry_small_statue_room,
          biasface_ghost_demon_polymorph, infiniplex_staircase_pillars_2
Depths:4: grunt_zot_entry_hairpin, layout_cave_pools, elyvilon_altar_4,
          hell_entry
Zot:1:    layout_misc_corridors
Zot:2:    layout_concentric_octagons, uniq_parghit
Zot:3:    dreamdust_zin_vs_xom, layout_gridlike
Zot:4:    layout_misc_corridors
Zot:5:    layout_gridlike

Skill      XL: |  1  2  3  4  5  6  7  8  9 10 11 12 13 14 15 16 17 18 19 20 21 22 23 24 25 26 27 |
---------------+----------------------------------------------------------------------------------+-----
Short Blades   | 3 4 5 6 8 9 10 12 14 | 14.0
Dodging        | 2 3 4 5 7 8 9 11 12 13 14 15 16 17 20 | 20.0
Fighting       | 3 4 5 6 8 9 10 11 12 13 14 15 16 17 18 19 20 22 24 25 27 | 27.0
Throwing       | 3 4 5 6 7 |  7.6
Stealth        | 6 7 8 9 11 12 13 15 16 18 19 26 | 26.2
Evocations     | 2 3 6 8 10 15 | 15.0
Earth Magic    | 3 5 6 8 9 10 12 14 16 17 19 | 19.1
Transmutations | 3 5 6 8 9 10 | 10.7
Armour         | 1 3 5 6 7 8 |  8.0
Spellcasting   | 1 5 8 12 15 | 15.0
Necromancy     | 3 6 7 |  7.0
Conjurations   | 1 5 8 11 13 | 13.4
Shields        | 1 5 |  5.0
Translocations | 4 |  4.0

Action                     |  1- 3 |  4- 6 |  7- 9 | 10-12 | 13-15 | 16-18 | 19-21 | 22-24 | 25-27 || total
---------------------------+-------+-------+-------+-------+-------+-------+-------+-------+-------++-------
  Melee: Dagger            |   111 |   158 |   309 |   724 |  1955 |  2107 |    10 |       |       ||  5374
         Punch             |       |     4 |     5 |    15 |       |       |       |       |       ||    24
         Rapier            |       |       |       |       |       |   439 |  1141 |  1173 |  2129 ||  4882
         Quick blade       |       |       |       |       |       |       |       |       |    90 ||    90
   Fire: Sling             |       |       |       |       |       |       |       |     4 |       ||     4
  Throw: Throwing net      |       |     2 |       |       |       |       |       |       |       ||     2
         Dart              |       |       |       |    21 |    37 |     9 |     2 |       |     1 ||    70
   Cast: Passwall          |       |       |       |     2 |    13 |    30 |     4 |    14 |    43 ||   106
         Petrify           |       |       |       |       |    29 |   116 |   216 |    51 |     2 ||   414
         Borgnjor's Vile C |       |       |       |       |       |       |    17 |   123 |    76 ||   216
         Iron Shot         |       |       |       |       |       |       |     5 |   111 |    92 ||   208
         Statue Form       |       |       |       |       |       |       |     2 |     5 |     1 ||     8
         Irradiate         |       |       |       |       |       |       |       |     5 |     6 ||    11
 Invoke: Serpent's Lash    |       |       |       |     1 |    37 |    72 |    20 |    30 |    40 ||   200
         Heavenly Storm    |       |       |       |       |       |       |       |       |     3 ||     3
Ability: Lunge             |       |       |    14 |    48 |    80 |   210 |   156 |   190 |   198 ||   896
         Whirlwind         |       |       |       |    11 |    46 |   144 |    85 |    73 |    92 ||   451
         Wall Jump         |       |       |       |       |       |       |       |       |     1 ||     1
         End Transformatio |       |       |       |       |       |       |       |       |     1 ||     1
  Evoke: Wand              |       |       |     1 |    11 |    17 |       |    11 |     6 |     2 ||    48
         Condenser vane    |       |       |       |       |     1 |       |     1 |       |     1 ||     3
         Tin of tremorston |       |       |       |       |       |     1 |     1 |       |       ||     2
         Phantom mirror    |       |       |       |       |       |       |       |       |     3 ||     3
         Box of beasts     |       |       |       |       |       |       |       |       |     1 ||     1
    Use: Scroll            |       |     2 |     4 |    12 |     7 |    12 |     1 |     2 |    20 ||    60
         Potion            |       |     1 |       |       |       |       |     3 |     2 |    14 ||    20
   Stab: Sleeping          |    18 |    25 |    25 |    65 |    69 |   125 |    97 |   157 |   124 ||   705
         Held in net/web   |       |     1 |       |       |       |       |       |       |       ||     1
         Distracted        |       |       |     4 |     2 |     7 |    32 |    10 |    10 |    17 ||    82
         Paralysed         |       |       |       |     2 |     4 |       |     6 |     4 |       ||    16
         Petrified         |       |       |       |       |    17 |    69 |   122 |    28 |     1 ||   237
         Petrifying        |       |       |       |       |     2 |    27 |    89 |    15 |       ||   133
         Invisible         |       |       |       |       |       |       |       |       |     7 ||     7
 Armour: Robe              |    14 |    18 |    20 |       |       |       |       |       |       ||    52
         Ring mail         |       |       |    53 |   145 |   268 |   382 |   249 |   229 |   321 ||  1647
         Skin              |       |       |       |       |       |       |     2 |    42 |    17 ||    61
  Dodge: Dodged            |    57 |    97 |   185 |   405 |  1032 |  1723 |  1071 |  1098 |  1514 ||  7182
  Block: Buckler           |       |       |       |       |       |    47 |       |   274 |   569 ||   890
         Orb               |       |       |       |       |       |       |   144 |    56 |       ||   200
         Reflection        |       |       |       |       |       |       |     6 |       |       ||     6
Riposte: Rapier            |       |       |       |       |       |       |       |   122 |   382 ||   504
         Quick blade       |       |       |       |       |       |       |       |       |    10 ||    10

Table legend: (Time is in decaauts)
 A = Elapsed time spent in this place.
 B = Non-inter-level travel time spent in this place.
 C = Inter-level travel time spent in this place.
 D = Time resting spent in this place.
 E = Time spent auto-exploring this place.
 F = Levels seen in this place.
 G = Mean time per level.
                   A        B        C        D        E       F      G
               +--------+--------+--------+--------+--------+-----+--------+
         Total | 102962 |  82450 |  20512 |  19924 |  37671 |  61 | 1687.9 |
       Dungeon |  22947 |  18367 |   4580 |   3438 |  10173 |  15 | 1529.8 |
        Temple |    430 |    385 |     45 |      0 |    363 |   1 |  430.0 |
          Lair |  10428 |   7607 |   2821 |    841 |   4608 |   5 | 2085.6 |
         Swamp |   6029 |   4470 |   1559 |   1195 |   1650 |   4 | 1507.2 |
     Snake Pit |   8539 |   7199 |   1340 |   2011 |   2695 |   4 | 2134.8 |
    Slime Pits |   2119 |   1559 |    560 |    391 |    177 |   5 |  423.8 |
  Orcish Mines |   4478 |   3725 |    753 |    975 |   1230 |   2 | 2239.0 |
   Elven Halls |   9176 |   7172 |   2004 |   2745 |   2662 |   3 | 3058.7 |
        Vaults |  16778 |  13179 |   3599 |   3746 |   5474 |   5 | 3355.6 |
         Crypt |   4346 |   3607 |    739 |    680 |   1877 |   3 | 1448.7 |
        Depths |   6679 |   5577 |   1102 |    829 |   3348 |   4 | 1669.8 |
           Zot |   9274 |   7866 |   1408 |   3071 |   3107 |   5 | 1854.8 |
         Abyss |   1232 |   1232 |      0 |      0 |      0 |   3 |  410.7 |
        Bazaar |    349 |    349 |      0 |      0 |    176 |   1 |  349.0 |
      Gauntlet |    153 |    153 |      0 |      0 |    127 |   1 |  153.0 |
               +--------+--------+--------+--------+--------+-----+--------+

Top non-repeatable levels by time:
Vaults:2: 4410 daAuts
   Elf:3: 3976 daAuts
Vaults:1: 3673 daAuts
  Lair:5: 3416 daAuts
    D:14: 3352 daAuts
   Elf:2: 3049 daAuts
Vaults:5: 2932 daAuts
Vaults:4: 2885 daAuts
Vaults:3: 2875 daAuts
   Orc:2: 2828 daAuts
    D:10: 2589 daAuts
   Zot:4: 2502 daAuts
 Snake:3: 2381 daAuts
    D:15: 2364 daAuts
 Crypt:3: 2310 daAuts
